AoeStats
← V

Black Forest

509611304Analyzed
2v2 RM · 6d ago on Sep 27, 2026· 55m 37s· 4 players
Game mode
Random Map
Map size
Medium (4 player)
Population
200
Speed
Normal
Resources
Standard
Victory
Conquest
Starting age
Dark Age
Ending age
Imperial Age
RankedLock teamsTeams togetherTeam positionsShared explorationLock speedFull tech treeHidden civsTurbo modeCheats
Victory
Defeat
🇨🇳 Spanish · China
920
+12
🇨🇳 Inca · China
911
+12
🇫🇷 Varangians · France
884
-14
🇫🇷 Saxons · France
785
-10
XDDCC
12:54 Feudal Age
13:07 Champi Runner
13:39 Double-Bit Axe
22:56 Padded Archer Armor
22:46 Fletching
30:23 Castle Age
29:20 Horse Collar
30:45 Forging
30:35 Scale Mail Armor
32:33 Iron Casting
32:15 Champi Warrior
32:17 Pikeman
33:38 Squires
34:15 Loom
35:55 Andean Sling
36:22 Chain Mail Armor
36:59 Bow Saw
42:09 Leather Archer Armor
44:01 Fletching
53:02 Imperial Age
50:46 Bodkin Arrow
54:59 Conscription
54:45 Heavy Plow
54:11 Capped Ram
55:56 Blast Furnace
V
11:50 Feudal Age
16:51 Castle Age
34:14 Fletching
34:28 Padded Archer Armor
40:29 Light Cavalry
42:12 Bloodlines
42:03 Husbandry
43:17 Forging
43:13 Scale Barding Armor
43:04 Bodkin Arrow
47:26 Imperial Age
45:50 Bloodlines
45:41 Husbandry
47:04 Iron Casting
46:29 Scale Mail Armor
47:42 Hussar
53:16 Chemistry
52:23 Elite Conquistador
53:13 Bracer
53:30 Chain Mail Armor
53:46 Leather Archer Armor
Le_Web
10:50 Feudal Age
11:21 Double-Bit Axe
11:23 Horse Collar
12:54 Gold Mining
12:58 Stone Mining
13:48 Wheelbarrow
12:56 Man-at-Arms
15:25 Loom
19:11 Arson
20:09 Town Watch
25:58 Castle Age
24:13 Padded Archer Armor
24:03 Fletching
25:25 Bloodlines
26:27 Elite Skirmisher
27:37 Leather Archer Armor
28:18 Husbandry
28:49 Thumb Ring
29:43 Thumb Ring
30:06 Bow Saw
33:20 Gold Shaft Mining
35:58 Squires
36:15 Heavy Plow
40:22 Clerical Recruitment
42:39 Hand Cart
45:33 Light Cavalry
49:21 Town Patrol
a real manatee
10:55 Feudal Age
12:17 Arson
15:30 Double-Bit Axe
15:09 Man-at-Arms
19:18 Bloodlines
18:56 Horse Collar
23:16 Castle Age
22:22 Wheelbarrow
21:56 Scale Mail Armor
22:37 Stone Mining
24:41 Husbandry
24:03 Light Cavalry
25:01 Bow Saw
26:01 Padded Archer Armor
25:52 Fletching
28:13 Forging
28:42 Hand Cart
29:58 Scale Barding Armor
30:28 Iron Casting
30:09 Gold Mining
30:55 Stone Shaft Mining
34:16 Chain Barding Armor
34:22 Heavy Plow
38:30 Vendel Legacy
44:25 Imperial Age
43:07 Leather Archer Armor
42:47 Bodkin Arrow
44:47 Murder Holes
44:33 Treadmill Crane
45:26 Heavy Mounted Crossbowman
45:27 Cranequins
46:34 Bracer
47:05 Ring Archer Armor
49:45 Ballistics
Connection lost

Rejoining the realm…

Still unreachable

The connection could not be restored.

Session expired

The server has moved on; the page needs a fresh start.